 Dungeon Crawl Stone Soup version 0.22.0-38-g04b72b8 (webtiles) character file.

19511 Lew the Fighter (level 12, 0/97 HPs)
             Began as a Gnoll Abyssal Knight on Aug 25, 2018.
             Was a High Priest of Lugonu.
             Succumbed to Nessos's poison
             ... on level 12 of the Dungeon.
             The game lasted 00:57:28 (12412 turns).

Lew the Fighter (Gnoll Abyssal Knight)             Turns: 12412, Time: 00:57:28

Health: 0/97       AC: 18    Str: 18    XL:     12   Next: 69%
Magic:  23/23      EV: 11    Int: 15    God:    Lugonu [*****.]
Gold:   223        SH:  0    Dex: 22    Spells: 23/25 levels left

rFire    + . .     SeeInvis +   t - +0 scimitar of True Grit {elec, Str+2 Dex+4}
rCold    + . .     Gourm    .   (no shield)
rNeg     . . .     Faith    .   O - +3 chain mail of Shadows and Fog {rC+}
rPois    .         Spirit   .   a - +2 hat {SInv}
rElec    .         Reflect  .   N - +0 cloak
rCorr    +         Harm     .   f - +1 pair of gloves
MR       +....                  (no boots)
Stlth    ..........             o - amulet of magic regeneration
HPRegen  0.66/turn              P - ring of protection from magic (curse)
MPRegen  0.43/turn              y - ring of resist corrosion

@: lethally poisoned (0 -> -11), heavily drained
A: distributed training, fangs 1, fire resistance 1, regeneration 1, strong nose
a: Depart the Abyss, Bend Space, Banish, Corrupt, Enter the Abyss, Renounce
Religion


You were on level 12 of the Dungeon.
You worshipped Lugonu.
Lugonu was extremely pleased with you.
You were not hungry.

You visited 1 branch of the dungeon, and saw 12 of its levels.
You visited the Abyss 1 time.
You also visited: Labyrinth and Ossuary.

You collected 651 gold pieces.
You spent 428 gold pieces at shops.

Inventory:

Hand Weapons
 t - the +0 scimitar of True Grit (weapon) {elec, Str+2 Dex+4}
   (You bought it in a shop on level 5 of the Dungeon)

   Occasionally, upon striking a foe, it will discharge some electrical energy
   and cause terrible harm.
   It affects your strength (+2).
   It affects your dexterity (+4).
 Q - the +4 triple crossbow "Gnoll's Regret" {penet, *Drain rPois rF+ Str+5}
   (You found it in a labyrinth)

   Ammo fired by it will pass through the targets it hits, potentially hitting
   all targets in its path until it reaches maximum range.
   It affects your strength (+5).
   It protects you from fire.
   It protects you from poison.
   It causes draining when unequipped.
Missiles
 e - 19 bolts
 G - 21 javelins of returning (quivered)
Armour
 a - a +2 hat of see invisible (worn)
 f - a +1 pair of gloves (worn)
 k - a +0 large shield
 A - a +0 buckler
 N - a +0 cloak (worn)
 O - the +3 chain mail of Shadows and Fog (worn) {rC+}
   (You found it on level 9 of the Dungeon)

   It protects you from cold.
 S - the +8 orange crystal plate armour {Archmagi, Int+3 Clar}
   (You found it in a labyrinth)

   It affects your intelligence (+3).
   It protects you against confusion.
Magical Staves
 T - a cursed staff of energy {unknown}
Jewellery
 o - an amulet of magic regeneration (around neck)
 r - an uncursed ring of flight
 w - an uncursed ring of fire
 y - a ring of resist corrosion (right hand)
 J - a +2 ring of evasion
 P - a cursed ring of protection from magic (left hand)
Wands
 m - a wand of random effects (59)
 q - a wand of polymorph (2)
 x - a wand of paralysis (9)
 I - a wand of enslavement (10)
 L - a wand of flame (24)
Scrolls
 j - 2 scrolls of teleportation
 l - 9 scrolls of enchant weapon
 s - a scroll of magic mapping
 B - 2 scrolls of remove curse
 D - a scroll of summoning
 E - a scroll of torment
 H - 2 scrolls of amnesia
 M - a scroll of silence
Potions
 b - a potion of magic
 d - a potion of resistance
 h - a potion of flight
 n - a potion of mutation
 p - 5 potions of curing
 u - a potion of brilliance
 z - a potion of lignification
 F - a potion of agility
 K - a potion of haste
Miscellaneous
 g - a crystal ball of energy
Comestibles
 c - 8 rations


   Skills:
 + Level 9.9(7.3) Fighting
 + Level 7.4(5.0) Short Blades
 + Level 8.8(6.3) Long Blades
 + Level 7.4(5.0) Axes
 + Level 7.4(5.0) Maces & Flails
 + Level 7.4(5.0) Polearms
 + Level 7.4(5.0) Staves
 + Level 7.4(5.0) Slings
 + Level 7.4(5.0) Bows
 + Level 7.4(5.0) Crossbows
 + Level 7.4(5.0) Throwing
 + Level 8.8(6.3) Armour
 + Level 7.9(5.5) Dodging
 + Level 7.4(5.0) Stealth
 + Level 7.4(5.0) Shields
 + Level 7.4(5.0) Unarmed Combat
 + Level 7.4(5.0) Spellcasting
 + Level 6.1(3.8) Conjurations
 + Level 6.1(3.8) Hexes
 + Level 6.1(3.8) Charms
 + Level 6.1(3.8) Summonings
 + Level 6.1(3.8) Necromancy
 + Level 6.1(3.8) Translocations
 + Level 6.1(3.8) Transmutations
 + Level 6.1(3.8) Fire Magic
 + Level 6.1(3.8) Ice Magic
 + Level 6.1(3.8) Air Magic
 + Level 6.1(3.8) Earth Magic
 + Level 6.1(3.8) Poison Magic
 + Level 9.4(6.8) Invocations
 + Level 7.4(5.0) Evocations


You had 23 spell levels left.
You knew the following spells:

 Your Spells              Type           Power        Failure   Level  Hunger
a - Poisonous Vapours     Pois/Air       ###...       47%         2    ##.....

Your spell library contained the following spells:

 Spells                   Type           Power        Failure   Level  Hunger
 Corona                   Hex            ###....      34%         1    None
 Freeze                   Ice            ###.         34%         1    None
 Summon Small Mammal      Summ           ###.         34%         1    None
 Call Imp                 Summ           ###.....     47%         2    ##.....
 Ensorcelled Hibernation  Hex/Ice        ###...       47%         2    ##.....
 Throw Frost              Conj/Ice       ###...       47%         2    ##.....
 Call Canine Familiar     Summ           ###.....     71%         3    ###....
 Confuse                  Hex            ###.....     71%         3    ###....
 Conjure Flame            Conj/Fire      ###.....     71%         3    ###....
 Dazzling Spray           Conj/Hex       ###...       71%         3    ###....
 Mephitic Cloud           Conj/Pois/Air  ###.....     71%         3    ###....
 Ozocubu's Armour         Chrm/Ice       ###.....     71%         3    ###....
 Summon Guardian Golem    Hex/Summ       ###.....     71%         3    ###....
 Tukima's Dance           Hex            ###.....     71%         3    ###....
 Summon Ice Beast         Ice/Summ       ###.....     98%         4    ####...
 Summon Lightning Spire   Summ/Air       ###.....     98%         4    ####...
 Throw Icicle             Conj/Ice       ###.....     98%         4    ####...
 Freezing Cloud           Conj/Ice/Air   ###.......   100%        6    #######
 Ring of Flames           Chrm/Fire      ###.......   100%        7    #######


Dungeon Overview and Level Annotations

Branches:
Dungeon (12/15)            Temple (0/1) D:4            Lair (0/6) D:11
    Orc (0/2) D:12

Altars:
Elyvilon
Fedhas
Gozag
Kikubaaqudgha
Okawaru
Uskayaw
Zin

Shops:
D:5 (   D:7 !   D:9 [

Annotations:
D:5 1 runed door, Anon1729's ghost, novice OpMo
D:12 Nergalle; Nessos


Innate Abilities, Weirdness & Mutations

Your experience applies equally to all skills.
You have very sharp teeth.
Your uncanny sense of smell can sniff out nearby items.
Your flesh is heat resistant. (rF+)
Your natural rate of healing is unusually fast.


Message History

* * * LOW HITPOINT WARNING * * *
The arrow burns you.
You are more poisoned.
* * * LOW HITPOINT WARNING * * *
The spectral orc knight hits you with a great sword.
* * * LOW HITPOINT WARNING * * *
The spectral orc knight hits you but does no damage.
The spectral orc warrior barely misses you.
You riposte.
You slash the spectral orc warrior!
Lightning courses through the spectral orc warrior!
You destroy the spectral orc warrior!
Nessos shoots an arrow.
The arrow hits you.
* * * LOW HITPOINT WARNING * * *
You are more poisoned.
Nergalle hits you but does no damage.
Unknown command.
Okay, then.
As you read the scroll of fog, it crumbles to dust.
The scroll dissolves into smoke.
You die...

*,,,,,,,*,, *,,,,,,,*,8
*,,,,,,,**, *,,,,,,,*** *,,,,,,,*
* *,,,,,,,* * #########
*,,,,,,,*** ........##########
**##(#*,,,,,,
..........#...§Z@####....##,,,,,,
..............§§o§Z(.).(§.),,,,,,
.[.............§§####....##******
###.#........c...##**,/..(.,,,,,,
#.#.>.........(...,,,....,,,,,,
#.##+###.#########*,,,...,,,,,,
#......#.# *,,,,..,,,,**
####?#.#.### ****,,.,,,,*
#.#.†...# *,,,,,,,*


You could see Nessos, Nergalle and 2 spectral orc knights.

Vanquished Creatures
  Gastronok (D:12)
  A minotaur (Lab)
  Fannar (D:10)
  4 two-headed ogres
  The ghost of Thaneod the Geomancer, a journeyman GrEE of Vehumet (D:11)
  5 death yaks (D:11)
  The ghost of George the Cleaver, a novice HOFi (D:7)
  Pikel (D:5)
  A cyclops (D:11)
  A gargoyle (D:12)
  A troll (D:10)
  A hornet (D:11)
  A slime creature (D:7)
  A shadow (D:11)
  12 yaks
  A wyvern (D:12)
  A hungry ghost (D:10)
  An acid dragon (D:11)
  A soldier ant (D:11)
  4 orc warriors
  3 ice beasts
  A slave (D:5)
  A sky beast (D:8)
  A black bear (D:8)
  3 ogres
  A necrophage (D:9)
  A phantom (D:7)
  3 centaurs
  Blork the orc (D:6)
  3 big kobolds (D:11)
  4 bullfrogs
  4 elf zombies (Ossuary)
  5 killer bees (D:8)
  5 wights (D:8)
  4 howler monkeys
  5 centaur zombies
  5 crimson imps
  5 jellies
  2 quasits
  7 hounds
  11 orc priests
  4 human zombies (Ossuary)
  A bullfrog skeleton (D:3)
  5 centaur skeletons
  15 orc wizards
  2 iguanas
  8 worker ants
  A killer bee zombie (D:9)
  A hound skeleton (D:6)
  A hound zombie (D:10)
  3 mummies (Ossuary)
  A worker ant zombie (D:6)
  6 gnolls
  2 howler monkey skeletons
  8 adders
  3 shadow imps
  2 oozes
  3 adder skeletons
  An adder zombie (D:5)
  4 worms
  3 dart slugs
  3 leopard geckos
  30 orcs
  3 ball pythons
  6 giant cockroaches
  4 goblins
  5 hobgoblins
  13 jackals
  9 quokkas
  7 bats
  2 frilled lizards
  A jackal skeleton (D:5)
  A jackal zombie (D:8)
  14 kobolds
  5 rats
293 creatures vanquished.

Vanquished Creatures (others)
  2 slaves (D:5)
  A crimson imp (D:5)
  A bullfrog zombie (D:5)
  A gnoll (D:5)
  A worm (D:5)
  A leopard gecko (D:5)
  A frilled lizard (D:5)
  2 withered plants (D:11)
10 creatures vanquished.

Grand Total: 303 creatures vanquished

Notes
Turn   | Place    | Note
-------+----------+-------------------------------------------
     0 | Abyss:1  | Lew the Gnoll Abyssal Knight began the quest for the Orb.
     0 | Abyss:1  | Reached XP level 1. HP: 23/23 MP: 3/3
    40 | Abyss:1  | Noticed a hungry ghost
    54 | Abyss:1  | Noticed an iron dragon skeleton
    59 | Abyss:1  | Noticed a small abomination
    64 | D:1      | Escaped the Abyss
   282 | D:1      | Reached XP level 2. HP: 29/29 MP: 5/5
   350 | D:1      | Reached * piety under Lugonu
   529 | D:1      | Reached XP level 3. HP: 35/35 MP: 6/6
  1113 | D:2      | Reached skill level 1 in Short Blades
  1113 | D:2      | Reached skill level 1 in Axes
  1113 | D:2      | Reached skill level 1 in Maces & Flails
  1113 | D:2      | Reached skill level 1 in Polearms
  1113 | D:2      | Reached skill level 1 in Staves
  1113 | D:2      | Reached skill level 1 in Slings
  1113 | D:2      | Reached skill level 1 in Bows
  1113 | D:2      | Reached skill level 1 in Crossbows
  1113 | D:2      | Reached skill level 1 in Throwing
  1113 | D:2      | Reached skill level 1 in Stealth
  1113 | D:2      | Reached skill level 1 in Shields
  1113 | D:2      | Reached skill level 1 in Unarmed Combat
  1113 | D:2      | Reached skill level 1 in Spellcasting
  1113 | D:2      | Reached skill level 1 in Evocations
  1113 | D:2      | Reached XP level 4. HP: 33/41 MP: 7/7
  1709 | D:3      | Reached skill level 1 in Conjurations
  1709 | D:3      | Reached skill level 1 in Hexes
  1709 | D:3      | Reached skill level 1 in Charms
  1709 | D:3      | Reached skill level 1 in Summonings
  1709 | D:3      | Reached skill level 1 in Necromancy
  1709 | D:3      | Reached skill level 1 in Translocations
  1709 | D:3      | Reached skill level 1 in Transmutations
  1709 | D:3      | Reached skill level 1 in Fire Magic
  1709 | D:3      | Reached skill level 1 in Ice Magic
  1709 | D:3      | Reached skill level 1 in Air Magic
  1709 | D:3      | Reached skill level 1 in Earth Magic
  1709 | D:3      | Reached skill level 1 in Poison Magic
  1814 | D:3      | Reached ** piety under Lugonu
  1887 | D:3      | Reached XP level 5. HP: 47/47 MP: 8/8
  1891 | D:3      | Gained mutation: Scrolls take you a little longer to read. [potion of mutation]
  1891 | D:3      | Gained mutation: Your mind is acute. (Int +2) [potion of mutation]
  1891 | D:3      | Lost mutation: Your mind is acute. (Int +2) [potion of mutation]
  1891 | D:3      | Gained mutation: You have a pair of small horns on your head. [potion of mutation]
  1892 | D:3      | Lost mutation: You have a pair of small horns on your head. [potion of mutation]
  1892 | D:3      | Lost mutation: Scrolls take you a little longer to read. [potion of mutation]
  1892 | D:3      | Gained mutation: Your natural rate of healing is unusually fast. [potion of mutation]
  1892 | D:3      | Gained mutation: Your flesh is heat resistant. (rF+) [potion of mutation]
  2154 | D:3      | Reached skill level 5 in Invocations
  2154 | D:3      | Reached XP level 6. HP: 22/53 MP: 9/9
  2179 | D:3      | Reached skill level 5 in Long Blades
  2179 | D:3      | Reached skill level 5 in Armour
  3146 | D:4      | Reached XP level 7. HP: 44/59 MP: 10/10
  3410 | D:4      | Found a staircase to the Ecumenical Temple.
  3740 | D:5      | Entered Level 5 of the Dungeon
  3747 | D:5      | Found Komarr's Antique Weapon Shoppe.
  3778 | D:5      | Noticed a two-headed ogre
  3781 | D:5      | Reached *** piety under Lugonu
  4064 | D:5      | Killed a two-headed ogre
  4064 | D:5      | Reached XP level 8. HP: 30/67 MP: 11/13
  4187 | D:5      | Noticed Pikel
  4189 | D:5      | Reached XP level 9. HP: 41/72 MP: 14/14
  4193 | D:5      | Killed Pikel
  4317 | D:5      | Found a runed door.
  4324 | D:5      | Noticed Anon1729's ghost (novice OpMo)
  4620 | D:5      | Bought a scorched scimitar for 252 gold pieces
  4620 | D:5      | Identified the cursed +0 scimitar of True Grit {elec, Str+2 Dex+4} (You bought it in a shop on level 5 of the Dungeon)
  4667 | D:6      | Noticed Blork the orc
  4998 | D:6      | Killed Blork the orc
  5023 | D:6      | Reached skill level 5 in Dodging
  5825 | D:7      | Found a sand-covered staircase.
  5849 | D:7      | Found Baor's Distillery.
  5883 | D:7      | Bought a potion of heal wounds for 55 gold pieces
  5901 | Ossuary  | Entered an ossuary
  5963 | Ossuary  | Reached **** piety under Lugonu
  6027 | Ossuary  | Reached XP level 10. HP: 78/80 MP: 17/17
  6219 | D:7      | Found a runed gate.
  6219 | D:7      | Found a runed gate.
  6226 | D:7      | Found an opulent altar of Gozag.
  6227 | D:7      | Found a runed gate.
  6231 | D:7      | Noticed George's ghost (novice HOFi)
  6421 | D:7      | Found a blossoming altar of Fedhas.
  6422 | D:7      | Found a glowing silver altar of Zin.
  6810 | D:7      | Reached skill level 5 in Short Blades
  6810 | D:7      | Reached skill level 5 in Axes
  6810 | D:7      | Reached skill level 5 in Maces & Flails
  6810 | D:7      | Reached skill level 5 in Polearms
  6810 | D:7      | Reached skill level 5 in Staves
  6810 | D:7      | Reached skill level 5 in Slings
  6810 | D:7      | Reached skill level 5 in Bows
  6810 | D:7      | Reached skill level 5 in Crossbows
  6810 | D:7      | Reached skill level 5 in Throwing
  6810 | D:7      | Reached skill level 5 in Stealth
  6810 | D:7      | Reached skill level 5 in Shields
  6810 | D:7      | Reached skill level 5 in Unarmed Combat
  6810 | D:7      | Reached skill level 5 in Spellcasting
  6810 | D:7      | Reached skill level 5 in Evocations
  6817 | D:7      | Killed George's ghost
  6930 | D:7      | Bought a potion of heal wounds for 55 gold pieces
  6930 | D:7      | Bought a potion of curing for 33 gold pieces
  6930 | D:7      | Bought a potion of curing for 33 gold pieces
  7011 | D:7      | Found a hide-covered altar of Uskayaw.
  7013 | D:7      | Found a white marble altar of Elyvilon.
  7190 | D:8      | Noticed a two-headed ogre
  7209 | D:8      | Killed a two-headed ogre
  7595 | D:8      | You fall through a shaft!
  7810 | D:9      | Found an iron altar of Okawaru.
  7810 | D:9      | Found an ancient bone altar of Kikubaaqudgha.
  8119 | D:9      | Found Umite's Antique Armour Shop.
  8198 | D:9      | Got a heavily runed chain mail
  8238 | D:9      | Reached XP level 11. HP: 87/87 MP: 19/19
  8715 | D:9      | Noticed a two-headed ogre
  8727 | D:9      | Killed a two-headed ogre
  9005 | D:10     | Entered Level 10 of the Dungeon
  9011 | D:10     | Noticed Fannar
  9069 | D:10     | Killed Fannar
  9069 | D:10     | Reached skill level 5 in Conjurations
  9069 | D:10     | Reached skill level 5 in Hexes
  9069 | D:10     | Reached skill level 5 in Charms
  9069 | D:10     | Reached skill level 5 in Summonings
  9069 | D:10     | Reached skill level 5 in Necromancy
  9069 | D:10     | Reached skill level 5 in Translocations
  9069 | D:10     | Reached skill level 5 in Transmutations
  9069 | D:10     | Reached skill level 5 in Fire Magic
  9069 | D:10     | Reached skill level 5 in Ice Magic
  9069 | D:10     | Reached skill level 5 in Air Magic
  9069 | D:10     | Reached skill level 5 in Earth Magic
  9069 | D:10     | Reached skill level 5 in Poison Magic
  9128 | D:10     | Identified the +3 chain mail of Shadows and Fog {rC+} (You found it on level 9 of the Dungeon)
  9826 | D:10     | Noticed a two-headed ogre
  9837 | D:10     | Killed a two-headed ogre
 10194 | D:11     | Reached ***** piety under Lugonu
 10226 | D:11     | Noticed a death yak
 10227 | D:11     | Noticed a death yak
 10234 | D:11     | Noticed a death yak
 10238 | D:11     | Noticed a death yak
 10239 | D:11     | Noticed a death yak
 10261 | D:11     | Killed a death yak
 10267 | D:11     | Killed a death yak
 10287 | D:11     | Killed a death yak
 10298 | D:11     | Killed a death yak
 10298 | D:11     | Reached XP level 12. HP: 52/96 MP: 20/22
 10310 | D:11     | Killed a death yak
 10475 | D:11     | Found a staircase to the Lair.
 10711 | D:11     | Noticed Thaneod's ghost (journeyman GrEE)
 10712 | D:11     | Found a runed door.
 11033 | D:11     | Learned a level 2 spell: Poisonous Vapours
 11447 | D:11     | Killed Thaneod's ghost
 11496 | D:12     | Noticed Gastronok
 11514 | D:12     | Killed Gastronok
 11673 | D:12     | Found a labyrinth entrance.
 11685 | Lab      | Entered a labyrinth
 11776 | Lab      | Noticed a minotaur
 11786 | Lab      | Killed a minotaur
 11800 | Lab      | Found the +8 orange crystal plate armour {Archmagi, Int+3 Clar}
 11803 | Lab      | Got an encrusted triple crossbow
 11819 | Lab      | Identified the +4 triple crossbow "Gnoll's Regret" {penet, *Drain rPois rF+ Str+5} (You found it in a labyrinth)
 12388 | D:12     | Noticed Nessos
 12391 | D:12     | Noticed Nergalle
 12411 | D:12     | HP: 1/97 [Nessos/arrow (6)]
 12412 | D:12     | Succumbed to Nessos's poison

Skill      XL: |  1  2  3  4  5  6  7  8  9 10 11 12 |
---------------+-------------------------------------+-----
Short Blades   | 1 2 3 4 5 6 7 |  7.4
Axes           | 1 2 3 4 5 6 7 |  7.4
Maces & Flails | 1 2 3 4 5 6 7 |  7.4
Polearms       | 1 2 3 4 5 6 7 |  7.4
Staves         | 1 2 3 4 5 6 7 |  7.4
Slings         | 1 2 3 4 5 6 7 |  7.4
Bows           | 1 2 3 4 5 6 7 |  7.4
Crossbows      | 1 2 3 4 5 6 7 |  7.4
Throwing       | 1 2 3 4 5 6 7 |  7.4
Stealth        | 1 2 3 4 5 6 7 |  7.4
Shields        | 1 2 3 4 5 6 7 |  7.4
Unarmed Combat | 1 2 3 4 5 6 7 |  7.4
Spellcasting   | 1 2 3 4 5 6 7 |  7.4
Evocations     | 1 2 3 4 5 6 7 |  7.4
Conjurations   | 1 2 3 4 5 6 |  6.1
Hexes          | 1 2 3 4 5 6 |  6.1
Charms         | 1 2 3 4 5 6 |  6.1
Summonings     | 1 2 3 4 5 6 |  6.1
Necromancy     | 1 2 3 4 5 6 |  6.1
Translocations | 1 2 3 4 5 6 |  6.1
Transmutations | 1 2 3 4 5 6 |  6.1
Fire Magic     | 1 2 3 4 5 6 |  6.1
Ice Magic      | 1 2 3 4 5 6 |  6.1
Air Magic      | 1 2 3 4 5 6 |  6.1
Earth Magic    | 1 2 3 4 5 6 |  6.1
Poison Magic   | 1 2 3 4 5 6 |  6.1
Dodging        | 3 4 5 6 7 |  7.9
Invocations    | 5 6 7 8 9 |  9.4
Long Blades    | 5 6 7 8 |  8.8
Armour         | 5 6 7 8 |  8.8
Fighting       | 7 8 9 |  9.9

Action                   |  1- 3 |  4- 6 |  7- 9 | 10-12 || total
-------------------------+-------+-------+-------+-------++-------
Melee: Falchion          |    71 |   147 |   184 |       ||   402
       Bite              |     2 |    16 |    53 |   115 ||   186
       Punch             |       |     2 |     2 |       ||     4
       Unarmed           |       |       |    16 |       ||    16
       Scimitar          |       |       |   133 |   600 ||   733
 Fire: Triple crossbow   |       |       |       |    20 ||    20
 Cast: Poisonous Vapours |       |       |       |     3 ||     3
Invok: Depart the Abyss  |     1 |       |       |       ||     1
Evoke: Wand              |       |       |    13 |    16 ||    29
  Use: Scroll            |       |     9 |     7 |    13 ||    29
       Potion            |       |     8 |     4 |    15 ||    27
 Stab: Sleeping          |       |     1 |     3 |     1 ||     5
       Paralysed         |       |       |       |     8 ||     8
  Eat: Chunk             |       |     2 |       |     5 ||     7
       Ration            |       |     2 |     3 |     5 ||    10
Armor: Ring mail         |    37 |    50 |    92 |       ||   179
       Skin              |       |    53 |     2 |    34 ||    89
       Scale mail        |       |       |    61 |    54 ||   115
       Chain mail        |       |       |       |   110 ||   110
Dodge: Dodged            |    42 |   106 |   187 |   312 ||   647
Block: Large shield      |       |     2 |    45 |       ||    47
       Buckler           |       |       |    29 |   169 ||   198
       Rpst.: Falchion   |    11 |    40 |    35 |       ||    86
       Scimitar          |       |       |    15 |    78 ||    93
